 Dungeon Crawl Stone Soup version 0.19.0-2-gae57169 (webtiles) character file.

69 Leybi the Covered (level 4, -2/41 HPs)
             Began as a Minotaur Fighter on Nov 5, 2016.
             Slain by a gnoll
             ... wielding a +0 spear
              (6 damage)
             ... on level 3 of the Dungeon.
             The game lasted 00:04:32 (1590 turns).

Leybi the Covered (Minotaur Fighter)                Turns: 1590, Time: 00:04:32

Health: -2/41      AC:  7    Str: 26    XL:     4   Next: 2%
Magic:  3/3        EV:  7    Int:  5    God:
Gold:   37         SH: 10    Dex: 10    Spells: 0 memorised, 3 levels left

rFire  . . .     SeeInvis .     a - +0 war axe
rCold  . . .     Gourm    .     b - +0 scale mail
rNeg   . . .     Faith    .     c - +0 shield
rPois  .         Spirit   .     (helmet restricted)
rElec  .         Reflect  .     (no cloak)
rCorr  .         Harm     .     (no gloves)
MR     .....                    (no boots)
Stlth  ..........               (no amulet)
                                (no ring)
                                (no ring)

@: mighty
A: retaliatory headbutt, horns 2
a: no special abilities


You were on level 3 of the Dungeon.
You were not hungry.

You visited 1 branch of the dungeon, and saw 3 of its levels.

You collected 37 gold pieces.

Inventory:

Hand Weapons
 a - a +0 war axe (weapon)
Armour
 b - a +0 scale mail (worn)
 c - a +0 shield (worn)
Scrolls
 e - a scroll of noise {unknown}
 g - 3 scrolls of remove curse {unknown}
 i - a scroll of identify {unknown}
 j - 2 scrolls of enchant armour {unknown}
 k - a scroll of random uselessness {unknown}
 l - a scroll of blinking {unknown}
 m - a scroll of enchant weapon {unknown}
Potions
 d - a potion of might
 h - a potion of flight {unknown}
 o - a potion of brilliance {unknown}
Comestibles
 f - 2 bread rations
 n - a chunk of flesh


   Skills:
 + Level 4.5 Fighting
 + Level 3.4 Axes
 + Level 4.6 Armour
 - Level 3.6 Shields


You had 3 spell levels left.
You didn't know any spells.

Dungeon Overview and Level Annotations

Branches:
Dungeon (3/15)

Altars:

Annotations:
D:2 Natasha


Innate Abilities, Weirdness & Mutations

You reflexively headbutt those who attack you in melee.
You have a pair of horns on your head.


Message History

You block the gnoll's attack. x2; The gnoll hits you with a spear.
You block the gnoll's attack.
You slash the gnoll!
You kill the gnoll!
You have reached level 4!
You feel agile.
The gnoll hits you from afar with a spear of piercing!
* * * LOW HITPOINT WARNING * * *
x2 You block the gnoll's attack.
The gnoll barely misses you.
You feel very mighty all of a sudden.
The gnoll hits you but does no damage. x2
You hear the brisk rusting of a very distant drain.
You block the gnoll's attack.
The gnoll hits you with a spear of piercing.
* * * LOW HITPOINT WARNING * * *
x2 You see here a spear.
You slash the gnoll! Your headbutt misses the gnoll.
The gnoll is severely wounded.
You slash the gnoll! The gnoll hits you with a spear.
You die...

#####.#####.#.#..#
#.#+#
.....#.......#..###.#..
.............###....###
..........#..# #.####
..........#..###.#
...g.............######
######.......###(......
#gg....># #.#####.
#@####### #.# #. #.#
#.# #. #.# #.# #. #.#
#.# ##. #.# #.# #.. #.#
#.# #.# #.# #.# #.# #.#
#.# #.# #.# #.# #.#


You could see 2 gnolls.

Vanquished Creatures
  2 gnolls (D:3)
  An adder (D:2)
  An ooze (D:1)
  2 leopard geckos (D:1)
  An orc (D:3)
  2 giant cockroaches (D:1)
  A goblin (D:1)
  4 hobgoblins (D:1)
  A quokka (D:3)
  2 ball pythons
  5 bats
  A frilled lizard (D:1)
  7 kobolds
  5 rats
35 creatures vanquished.

Notes
Turn   | Place    | Note
-------+----------+-------------------------------------------
     0 | D:1      | Leybi the Minotaur Fighter began the quest for the Orb.
     0 | D:1      | Reached XP level 1. HP: 19/19 MP: 0/0
    60 | D:1      | Reached XP level 2. HP: 27/27 MP: 1/1
   428 | D:1      | Reached XP level 3. HP: 33/33 MP: 2/2
  1085 | D:2      | Noticed Natasha
  1587 | D:3      | Reached XP level 4. HP: 18/41 MP: 3/3
  1590 | D:3      | Slain by a gnoll

Skill      XL: |  1  2  3 |
---------------+----------+-----
Armour         | 4 |  4.6
Fighting       | 4 |  4.5
Axes           | 3 |  3.4
Shields        | |  3.6

Action                   |  1- 3 |  4- 6 || total
-------------------------+-------+-------++-------
Melee: War axe           |    85 |     1 ||    86
       Headbutt          |    13 |       ||    13
  Use: Potion            |       |     1 ||     1
  Eat: Chunk             |     2 |       ||     2
Armor: Scale mail        |    42 |     2 ||    44
Dodge: Dodged            |    28 |     1 ||    29
Block: Shield            |    59 |     2 ||    61
